Map: Terraform LE (Void)

Players

wabbajack

  • Race: Zerg Zerg
  • League: Gold

Valaas - Winner!

  • Race: Protoss Protoss
  • League: Grandmaster

VOD

Have the link to the VOD?

Description

Time

  • Played on: July 19, 2015, 8:09 p.m.
  • Length: 2:29
Show
View Real Time Build Order
Export as new Build Order

wabbajack Zerg 

Build Orders: Hatch First 

Get SALT Encoding   

  12  0:01  Drone  
  13  0:14  Overlord  
  13  0:17  Drone  
  14  0:24  Extractor  
  14  0:25  Drone  
  15  0:38  Drone x2  
  17  0:55  Hatchery  
  16  0:59  Drone  
  16  1:01  Drone  
  16  1:04  Extractor  
  17  1:06  Extractor  
  17  1:09  Drone  
  17  1:24  Spawning Pool  
  16  1:28  Drone  
  17  1:35  Drone  
  18  1:42  Drone  
  19  2:10  Overlord  
Show
View Real Time Build Order
Export as new Build Order

Valaas Protoss - Winner!

Build Orders:  

Get SALT Encoding   

  12  0:01  Probe  
  13  0:25  Probe  
  13  0:27  Pylon  
  14  0:45  Probe (Chrono Boost)  
  14  0:47  Forge  
  15  0:56  Probe (Chrono Boost)  
  16  1:03  Probe (Chrono Boost)  
  17  1:14  Probe  
  17  1:18  Pylon  
  18  1:19  Pylon  
  18  1:21  Pylon  
  18  1:26  Probe  
  19  1:37  Photon Cannon  
  19  1:38  Probe, Gateway  
  20  1:49  Photon Cannon  
  20  1:55  Probe  
  20  2:01  Photon Cannon  
  21  2:08  Probe  
  22  2:16  Photon Cannon  
Tags
 
Add a new tag
Caveats
  • Supply blocks, unpowered buildings, or Contaminate may cause inaccurate times.
  • Supply counts are checked every 10 seconds.